 Dungeon Crawl Stone Soup version 0.21-a0-474-g05767a10c8 (webtiles) character file.

534 Kaname the Conjurer (level 7, 42/46 HPs)
             Began as a Demonspawn Wizard on Nov 22, 2017.
             Quit the game on level 4 of the Dungeon.
             The game lasted 00:09:44 (2849 turns).

Kaname the Conjurer (Demonspawn Wizard)             Turns: 2849, Time: 00:09:44

Health: 42/46      AC:  2    Str:  7 (8)  XL:     7   Next: 4%
Magic:  7/11       EV: 19    Int: 21      God:
Gold:   79         SH:  0    Dex: 10 (11) Spells: 6/12 levels left

rFire    x . .     SeeInvis .   l - +2 short sword (drain)
rCold    + . .     Gourm    .   (no shield)
rNeg     . . .     Faith    .   a - +0 robe
rPois    .         Spirit   .   b - +0 hat
rElec    .         Reflect  .   (no cloak)
rCorr    .         Harm     .   (no gloves)
MR       .....                  (no boots)
Stlth    +++.......             s - amulet of rage
HPRegen  0.15/turn              h - ring of ice
MPRegen  0.12/turn              j - +5 ring of evasion

@: no status effects
A: talons 2, repulsion field 1, demonic guardian 1, nightstalker 1
a: Evoke Berserk Rage


You were on level 4 of the Dungeon.
You were not hungry.

You visited 1 branch of the dungeon, and saw 4 of its levels.

You collected 79 gold pieces.

Inventory:

Hand Weapons
 l - a +2 short sword of draining (weapon)
Armour
 a - a +0 robe (worn)
 b - a +0 hat (worn)
Jewellery
 h - a ring of ice (left hand)
 j - a +5 ring of evasion (right hand)
 s - an amulet of rage (around neck)
Wands
 n - a wand of iceblast (9)
Scrolls
 e - 2 scrolls of identify
 f - 2 scrolls of magic mapping
 m - a scroll of fear {unknown}
 p - 2 scrolls of amnesia
 t - a scroll of teleportation {unknown}
 w - a scroll of enchant weapon {unknown}
Potions
 g - 2 potions of haste
 k - a potion of degeneration
 o - a potion of lignification
 u - a potion of magic {unknown}
 v - a potion of brilliance {unknown}
 x - a potion of might {unknown}
 z - a potion of invisibility {unknown}
Books
 c - a book of Minor Magic

   Spells                             Type                      Level
   a - Magic Dart                     Conjuration                  1
   b - Blink                          Translocation                2
   c - Call Imp                       Summoning                    2
   d - Slow                           Hexes                        2
   e - Conjure Flame                  Conjuration/Fire             3
   f - Mephitic Cloud                 Conjuration/Poison/Air       3
Comestibles
 d - 2 bread rations
 i - 4 meat rations
 q - a royal jelly
 r - a fruit


   Skills:
 - Level 1.7 Dodging
 - Level 1.7 Stealth
 - Level 3.0 Spellcasting
 - Level 5.2 Conjurations
   Level 1.0 Summonings
 - Level 0.8 Translocations
 * Level 2.3 Air Magic
 - Level 4.2 Poison Magic


You had 6 spell levels left.
You knew the following spells:

 Your Spells              Type           Power        Failure   Level  Hunger
a - Magic Dart            Conj           ####         1%          1    None
b - Blink                 Tloc           N/A          14%         2    ##.....
c - Mephitic Cloud        Conj/Pois/Air  ###.....     8%          3    ###....


Dungeon Overview and Level Annotations

Branches:
Dungeon (4/15)
 Temple: D:4-7

Altars:
Cheibriados
Nemelex Xobeh


Innate Abilities, Weirdness & Mutations

You have razor-sharp toenails.
You are surrounded by a mild repulsion field. (EV +2)
A weak demonic guardian rushes to your aid.
You are slightly more attuned to the shadows.


Message History

The orc shouts!
The orc priest hits you.
The orc priest shouts!
You hear a shout!
Things that are here:
a dagger; an orc corpse Your ufetubus hits the orc priest.
Your ufetubus closely misses the orc priest.
Casting: Magic Dart
Confirm with . or Enter, or press ? or * to list all spells.
Aiming: Magic Dart
Press: ? - help, Shift-Dir - straight line, f - orc priest
Aim: an orc priest (almost dead, heavily drained)
The magic dart hits the orc priest.
You kill the orc priest!
You feel your strength returning.
You have reached level 7!
Your demonic ancestry asserts itself...
You begin to radiate repulsive energy.
Unknown command.
Are you sure you want to abandon this character and quit the game? (Confirm with "yes".)

#. #. .##.# #
.#.# .. ... #.
#.#
#.##)#####.#
#....o?.o...
####5#####.#
#@# #.# ..#
#.####### #.#
#.......## #.#
######.<.###.#
#
#............#
#
#.####.......#
# #.#
##.#....#####
#.#
#............


You could see an orc and a friendly ufetubus.

Vanquished Creatures
  Grinder (D:3)
  An ogre (D:2)
  An orc priest (D:4)
  A centaur skeleton (D:4)
  Jessica (D:2)
  A worker ant (D:4)
  Ijyb (D:3)
  5 adders
  3 worms
  4 dart slugs
  A leopard gecko (D:1)
  11 orcs
  4 giant cockroaches
  6 goblins
  6 hobgoblins
  8 jackals
  A quokka (D:2)
  11 bats
  2 frilled lizards
  5 kobolds
  A quokka skeleton (D:3)
  8 rats
83 creatures vanquished.

Notes
Turn   | Place    | Note
-------+----------+-------------------------------------------
     0 | D:1      | Kaname the Demonspawn Wizard began the quest for the Orb.
     0 | D:1      | Reached XP level 1. HP: 13/13 MP: 4/4
   209 | D:1      | Reached skill level 2 in Conjurations
   328 | D:1      | Gained mutation: A weak demonic guardian rushes to your aid. [demonic ancestry]
   328 | D:1      | Reached XP level 2. HP: 19/19 MP: 3/6
   703 | D:1      | Reached skill level 3 in Conjurations
   765 | D:1      | Gained mutation: You are slightly more attuned to the shadows. [demonic ancestry]
   765 | D:1      | Reached XP level 3. HP: 23/24 MP: 4/7
  1118 | D:2      | Learned a level 2 spell: Blink
  1122 | D:2      | Learned a level 3 spell: Mephitic Cloud
  1254 | D:2      | Noticed an ogre
  1260 | D:2      | Killed an ogre
  1260 | D:2      | Reached skill level 4 in Conjurations
  1260 | D:2      | Gained mutation: You have sharp toenails. [demonic ancestry]
  1260 | D:2      | Reached XP level 4. HP: 30/30 MP: 0/8
  1260 | D:2      | Reached XP level 5. HP: 35/35 MP: 0/9
  1467 | D:2      | Found a sparkling altar of Nemelex Xobeh.
  1467 | D:2      | Noticed Jessica
  1472 | D:2      | Killed Jessica
  1472 | D:2      | Reached skill level 5 in Conjurations
  1728 | D:3      | Found a snail-covered altar of Cheibriados.
  1806 | D:3      | Reached skill level 1 in Poison Magic
  1939 | D:3      | Noticed Ijyb
  1950 | D:3      | Killed Ijyb
  2081 | D:3      | Noticed Grinder
  2101 | D:3      | Killed Grinder
  2101 | D:3      | Gained mutation: You have razor-sharp toenails. [demonic ancestry]
  2101 | D:3      | Reached XP level 6. HP: 12/41 MP: 1/10
  2452 | D:4      | Reached skill level 1 in Air Magic
  2848 | D:4      | Gained mutation: You are surrounded by a mild repulsion field. (EV +2) [demonic ancestry]
  2848 | D:4      | Reached XP level 7. HP: 42/46 MP: 7/11
  2849 | D:4      | Quit the game

Vault maps used:
D:1:      lemuel_arrival_rhombus
D:2:      nemelex_lonely_heart_becter
D:3:      kennysheep_slug_shrine, glass_columns_b, amethyst_killhole,
          uniq_grinder, uniq_ijyb
D:4:      minmay_temple_entry_enclosed_plants

Skill      XL: |  1  2  3  4  5  6 |
---------------+-------------------+-----
Conjurations   | 2 3 4 5 |  5.2
Poison Magic   | 4 |  4.2
Air Magic      | 2 |  2.3
Dodging        | |  1.7
Stealth        | |  1.7
Spellcasting   | |  3.0
Summonings     | |  1.0
Translocations | |  0.8

Action                   |  1- 3 |  4- 6 |  7- 9 || total
-------------------------+-------+-------+-------++-------
Melee: Unarmed           |     7 |       |       ||     7
       Short sword       |    10 |    52 |       ||    62
       Dagger            |     2 |       |       ||     2
       Spear             |     2 |       |       ||     2
       Kick              |       |     3 |       ||     3
 Cast: Magic Dart        |    77 |   102 |     1 ||   180
  Use: Scroll            |       |     4 |       ||     4
       Potion            |       |     2 |       ||     2
 Stab: Sleeping          |     1 |     4 |       ||     5
  Eat: Chunk             |     1 |     5 |       ||     6
Armor: Robe              |     5 |     8 |       ||    13
       Skin              |       |     6 |       ||     6
Dodge: Dodged            |    22 |    41 |       ||    63

Table legend:
 A = Spawn XP
 B = Non-spawn XP
 C = Spawn XP percentage of total XP
 D = Spawn monster count
 E = Non-spawn monster count
 F = Spawn count percentage of total count
 G = Total turns spent on level
                    A         B        C        D         E        F      G
               +---------+---------+-------+---------+---------+-------+---------
         Total |       0 |     764 |   0.0 |       0 |      83 |   0.0 |  2849
               +---------+---------+-------+---------+---------+-------+---------
           D:1 |       0 |      42 |   0.0 |       0 |      28 |   0.0 |   932
           D:2 |       0 |     201 |   0.0 |       0 |      18 |   0.0 |   681
           D:3 |       0 |     349 |   0.0 |       0 |      17 |   0.0 |   785
           D:4 |       0 |     172 |   0.0 |       0 |      20 |   0.0 |   451
               +---------+---------+-------+---------+---------+-------+---------
